 Dungeon Crawl Stone Soup version 0.25-a0-413-g3b4b6a4ccc (webtiles) character file.

Game seed: 9032758793573878969, levelgen mode: deterministic

396 Rinner the Chopper (level 7, 0/53 HPs)
             Began as a Human Fighter on Jan 16, 2020.
             Killed by divine providence
             ... invoked by an orc priest
              (12 damage)
             ... on level 3 of the Dungeon.
             The game lasted 00:54:42 (3959 turns).

Rinner the Chopper (Human Fighter)                  Turns: 3959, Time: 00:54:43

Health: 0/53       AC:  9    Str: 18    XL:     7   Next: 9%
Magic:  7/7        EV:  8    Int: 13    God:
Gold:   245        SH:  9    Dex: 12    Spells: 6/6 levels left

rFire    . . .     SeeInvis .   a - +0 war axe
rCold    . . .     Gourm    .   c - +0 shield
rNeg     . . .     Faith    .   b - +0 scale mail
rPois    .         Spirit   .   Q - +0 helmet
rElec    .         Reflect  .   x - scarf {cloud immunity}
rCorr    .         Harm     .   (no gloves)
MR       .....                  r - +0 pair of boots
Stlth    ..........             (no amulet)
HPRegen  0.17/turn              y - +4 ring of intelligence
MPRegen  0.10/turn              (no ring)

@: no status effects
A: no striking features
a: no special abilities


You were on level 3 of the Dungeon.
You were hungry.

You visited 1 branch of the dungeon, and saw 3 of its levels.
You also visited: Sewer.

You collected 245 gold pieces.

Inventory:

Hand Weapons
 a - a +0 war axe (weapon)
 i - a +0 dagger
 l - a +0 hunting sling
 q - a +0 dagger
 t - a +0 hand crossbow
 B - a +0 dagger
 E - a +0 short sword
 I - a +0 whip
 K - a +0 hunting sling
 L - a +1 hunting sling of flaming
 X - a +0 short sword
 Z - a cursed -3 dagger
Missiles
 j - 36 arrows
 C - 2 javelins (quivered)
 J - 55 stones
 M - 14 sling bullets
 S - 2 boomerangs
 Y - 4 poisoned darts
Armour
 b - a +0 scale mail (worn)
 c - a +0 shield (worn)
 r - a +0 pair of boots (worn)
 s - a cursed +0 robe
 x - a scarf of cloud immunity (worn)
 P - a +0 animal skin
 Q - a +0 helmet (worn)
 T - a +0 leather armour
 V - a +0 leather armour
Jewellery
 y - a +4 ring of intelligence (left hand)
Scrolls
 e - a scroll of amnesia {unknown}
 g - 2 scrolls of fear {unknown}
 m - a scroll of enchant weapon {unknown}
 n - 2 scrolls of noise {unknown}
 o - 3 scrolls of identify {unknown}
 p - a scroll of teleportation {unknown}
 z - a scroll of fog {unknown}
 D - 2 scrolls of remove curse {unknown}
Potions
 d - a potion of might
 h - 4 potions of heal wounds
 k - 3 potions of flight
Comestibles
 f - 4 rations


   Skills:
 + Level 3.9 Fighting
 + Level 4.5 Axes
 + Level 3.9 Armour
 + Level 1.7 Dodging
 + Level 0.4 Stealth
 + Level 4.3 Shields


You had 6 spell levels left.
You didn't know any spells.
Your spell library was empty.

Dungeon Overview and Level Annotations

Branches:
Dungeon (3/15)              Sewer (visited)

Altars:


Message History

You slash something!
Reactivating autopickup.
You feel a bit more experienced.
Items here: )) ? [[ a +0 dagger; a cursed +0 robe; a +0 war axe; a +0 leather armour a scroll labeled YNWEUM JARI The orc priest shouts!
You hear a shout!
You barely miss the orc priest.
The orc priest hits you with a +0 flail.
* * * LOW HITPOINT WARNING * * *
You hit the orc priest but do no damage.
The orc priest hits you but does no damage.
You slash the orc priest!
The orc priest is heavily wounded.
The orc priest hits you but does no damage.
You barely miss the orc priest.
The orc priest is heavily wounded.
The orc priest mumbles some strange prayers to Beogh against you.
Beogh smites you!
You die...

#.##### #........#.# #.#
#.^......#.#
#.#########........#.#
#..................#.#
#..#######....>...>#########
#..#.....#.........##≈#≈≈#≈###
...#.###.#.#.....#.##≈#≈##≈≈≈#
##.#.###.#.#######o##≈#≈##≈#≈#
#.#............@o..#≈#≈≈#≈#≈#
#.#####.#.#######.##≈##≈#≈#≈#
#.......#.#######.##≈≈≈≈#≈#≈#
#########.........#####≈#≈#≈#
#########..#≈≈≈≈≈≈#.#
##.#≈########## #.#≈≈≈≈≈≈≈≈≈.#
#.####≈#≈#≈≈.# #...≈≈≈≈≈.≈..#


You could see an orc priest and an orc.

Vanquished Creatures
  Purgy (Sewer)
  An orc priest (D:3)
  Natasha (D:2)
  An orc wizard (D:3)
  Robin (D:2)
  9 adders
  3 river rats (D:3)
  An adder skeleton (D:2)
  4 worms (D:3)
  A dart slug (D:1)
  A leopard gecko (D:2)
  5 orcs (D:3)
  9 bats
  5 giant cockroaches
  14 goblins
  10 hobgoblins
  3 jackals (D:1)
  4 frilled lizards
  7 kobolds
  8 rats
89 creatures vanquished.

Notes
Turn   | Place    | Note
-------+----------+-------------------------------------------
     0 | D:1      | Rinner the Human Fighter began the quest for the Orb.
     0 | D:1      | Reached XP level 1. HP: 18/18 MP: 1/1
   206 | D:1      | Reached XP level 2. HP: 24/24 MP: 2/2
   315 | D:1      | Reached XP level 3. HP: 14/29 MP: 3/3
  1437 | D:2      | Reached skill level 1 in Dodging
  1437 | D:2      | Reached XP level 4. HP: 28/35 MP: 4/4
  1610 | D:2      | Noticed Natasha
  1616 | D:2      | Killed Natasha
  1748 | D:2      | Reached XP level 5. HP: 41/42 MP: 5/5
  2034 | D:2      | Noticed Robin
  2047 | D:2      | Killed Robin
  2409 | D:3      | Reached XP level 6. HP: 29/48 MP: 6/6
  2701 | D:3      | Found a glowing drain.
  2710 | Sewer    | Entered a sewer
  2769 | Sewer    | Noticed Purgy
  2786 | Sewer    | Killed Purgy
  3134 | Sewer    | Reached XP level 7. HP: 51/53 MP: 7/7
  3959 | D:3      | Killed from afar by an orc priest

Levels and vault maps discovered:
D:1:      minmay_arrival_doors, layout_loops_cross, minmay_octomino_e4
D:2:      layout_basic, uniq_natasha, uniq_robin
D:3:      layout_basic, lightli_sewer_entry_pipes, first_ration

Skill      XL: |  1  2  3  4  5  6 |
---------------+-------------------+-----
Dodging        | 1 |  1.7
Axes           | 3 4 |  4.5
Shields        | 4 |  4.3
Fighting       | |  3.9
Armour         | |  3.9
Stealth        | |  0.4

Action                   |  1- 3 |  4- 6 |  7- 9 || total
-------------------------+-------+-------+-------++-------
Melee: War axe           |    90 |   234 |    48 ||   372
Evoke: Wand              |       |     2 |       ||     2
  Use: Potion            |       |     3 |       ||     3
 Stab: Confused          |       |     1 |       ||     1
  Eat: Ration            |     1 |     2 |       ||     3
Armor: Scale mail        |    36 |   117 |    18 ||   171
Dodge: Dodged            |    27 |    59 |     8 ||    94
Block: Shield            |    43 |   116 |    23 ||   182

Table legend:
 A = Non-vault XP
 B = Vault XP
 C = Vault XP percentage of total XP
 D = Non-vault monster count
 E = Vault monster count
 F = Vault count percentage of total count
                 A         B        C        D         E       F
            +---------+---------+-------+---------+---------+-------
      Total |     255 |     312 |  55.0 |      61 |      28 |  31.5
            +---------+---------+-------+---------+---------+-------
        D:1 |      35 |       8 |  18.6 |      20 |       4 |  16.7
        D:2 |     101 |      62 |  38.0 |      25 |       9 |  26.5
        D:3 |     119 |      96 |  44.7 |      16 |       9 |  36.0
      Sewer |       0 |     146 | 100.0 |       0 |       6 | 100.0
            +---------+---------+-------+---------+---------+-------
